 Dungeon Crawl Stone Soup version 0.19-a0-1051-gdb7e7f8 (webtiles) character file.

34953 mistymad the Grappler (level 13, 0/146 HPs)
             Began as a Troll Monk on Aug 1, 2016.
             Was an Elder of Jiyva.
             Slain by a six-headed hydra (17 damage)
             ... on level 6 of the Lair of Beasts.
             The game lasted 00:56:04 (18149 turns).

mistymad the Grappler (Troll Monk)                 Turns: 18149, Time: 00:56:04

Health: 0/146      AC: 12    Str: 35    XL:     13   Next: 45%
Magic:  18/18      EV: 14    Int: 10    God:    Jiyva [****..]
Gold:   836        SH:  0    Dex: 12    Spells: 3 memorised, 10 levels left

rFire  x . .     SeeInvis .     x - +3 giant spiked club
rCold  . . .     Gourm    +     r - +1 robe of Greed {Str+3} (curse)
rNeg   . . .     Faith    .     (shield currently unavailable)
rPois  +         Spirit   .     (helmet restricted)
rElec  .         Dismiss  .     a - +1 cloak of Death Resistance {+Fly rF- MR- Str+8}
rCorr  +         Reflect  .     (gloves unavailable)
SustAt .         Harm     .     (boots unavailable)
MR     .....                    (no amulet)
Stlth  ++........               n - ring of protection from magic
                                e - +4 ring of strength

@: very slightly contaminated, hasted, repel missiles, very quick, not resistant
to hostile enchantments, unstealthy
A: unfitting armour, claws 3, molten scales 1, slimy green scales 1, fast
metabolism 3, gourmand, poison resistance, regeneration 2, robust 1, shaggy fur
1, tough skin 2, weak 1, evolution 1
a: Request Jelly, Jelly Paralyse, Slimify, Renounce Religion, Evoke Flight


You were on level 6 of the Lair of Beasts.
You worshipped Jiyva.
Jiyva was greatly pleased with you.
You were completely stuffed.

You visited 4 branches of the dungeon, and saw 23 of its levels.

You collected 836 gold pieces.

Inventory:

Hand Weapons
 x - a +3 giant spiked club (weapon)
Missiles
 H - a throwing net (quivered)
Armour
 a - the +1 cloak of Death Resistance (worn) {+Fly rF- MR- Str+8}
   (You acquired it on level 8 of the Dungeon)

   It affects your strength (+8).
   It makes you vulnerable to fire.
   It affects your resistance to hostile enchantments.
   It lets you fly.
 r - the cursed +1 robe of Greed (worn) {Str+3}
   (You found it on level 3 of the Lair of Beasts)

   It affects your strength (+3).
   It has a curse placed upon it.
 C - a +1 cloak
 G - a +2 robe of cold resistance
Jewellery
 e - a +4 ring of strength (left claw)
 n - a ring of protection from magic (right claw)
 B - an uncursed ring of flight
 D - an uncursed ring of protection from cold
Wands
 o - a wand of hasting (0/9)
 v - a wand of iceblast (10/15)
 y - a wand of iceblast (8/15)
 F - a wand of flame (21/48)
 J - a wand of disintegration (17/24)
 L - a wand of random effects (37/48)
 M - a wand of polymorph (7/24)
 O - a wand of digging (8/24)
Scrolls
 d - a scroll of identify
 h - 3 scrolls of recharging
 u - 7 scrolls of remove curse
 E - a scroll of holy word
 K - 5 scrolls of teleportation
 Q - a scroll of fear
Potions
 i - 2 potions of magic
 j - a potion of berserk rage
 k - a potion of curing
 l - 4 potions of haste
 q - a potion of might
 s - a potion of resistance {unknown}
 t - 5 potions of brilliance
 w - 2 potions of cancellation
 z - 4 potions of flight
 N - a potion of invisibility {unknown}
Comestibles
 b - 13 bread rations
 c - 5 chunks of flesh
 f - 5 fruits
 g - 11 meat rations
 m - 10 royal jellies
 p - 8 beef jerkies
 A - a slice of pizza


   Skills:
 - Level 10.0 Fighting
 - Level 2.3 Throwing
 - Level 8.2 Dodging
 - Level 1.1 Stealth
 - Level 10.0 Unarmed Combat
 + Level 4.1 Spellcasting
 + Level 7.5 Transmutations
 + Level 9.1 Earth Magic


You had 10 spell levels left.
You knew the following spells:

 Your Spells              Type           Power        Failure   Level  Hunger
a - Statue Form           Tmut/Erth      ###......    97%         6    #######
b - Repel Missiles        Chrm/Air       #.....       38%         2    ##.....
c - Swiftness             Chrm/Air       #.......     38%         2    ##.....


Dungeon Overview and Level Annotations

Branches:
Dungeon (11/15)            Temple (1/1) D:7            Lair (6/6) D:10
  Swamp (0/4) Lair:2       Spider (0/4) Lair:4        Slime (5/5) Lair:5
    Orc (0/2) D:10

Altars:
Ashenzari
Cheibriados
Dithmenos
Elyvilon
Fedhas
Gozag
Hepliaklqana
Kikubaaqudgha
Makhleb
Nemelex Xobeh
Okawaru
Pakellas
Qazlal
Ru
Sif Muna
Trog
Uskayaw
Vehumet
Xom
Yredelemnul
Zin
The Shining One
Jiyva

Shops:
D:6 ?   D:7 %   D:10 [(

Annotations:
Lair:5 Snorg
Slime:5 Royal Jelly


Innate Abilities, Weirdness & Mutations

You are too large for most types of armour.
You have claws for hands.
Your metabolism is lightning-fast.
You like to eat raw meat.
You heal very quickly.
You are covered in fur. (AC +1)
You have very tough skin. (AC +2)
You are partially covered in molten scales. (AC +2)
You are partially covered in slimy green scales. (AC +2)
Your system is resistant to poisons. (rPois)
You are robust. (+10% HP)
You are weak. (Str -2)
You evolve.


Message History

You bludgeon the six-headed hydra!!
The six-headed hydra is almost dead.
The six-headed hydra bites you.
* * * LOW HITPOINT WARNING * * *
The six-headed hydra closely misses you. x2
The six-headed hydra bites you but does no damage.
The six-headed hydra bites you.
* * * LOW HITPOINT WARNING * * *
The six-headed hydra bites you but does no damage.
A crocodile comes into view.
You take 5 damage, and have 28/146 hp.
You barely miss the six-headed hydra.
The six-headed hydra is almost dead.
The six-headed hydra bites you.
* * * LOW HITPOINT WARNING * * *
The six-headed hydra bites you but does no damage.
The six-headed hydra bites you!
* * * LOW HITPOINT WARNING * * *
The six-headed hydra bites you!
You die...

.. ..PP....PP# .#
.....# ..
#..PPP....PP##.#. ...t#
.. ..t.#.PPP..PP.....
..... ..
......#.P..PPP.....
...... ..
...............P....
#.... ..
................PP#.
...... ..
...................#
P....J ..
..........D......###
...... ..
.P......h.@...#.....
...... ..
.P.............##..#
...... ..
..PP..........#..# #.
...... ..
.............##..#
...... .
..............P....P
......................
.......................
#
....................P.
#
............P..........


PP You could see a six-headed hydra, a crocodile and a wolf.

Vanquished Creatures
  Harold (Lair:1)
  2 hydras (Lair:5)
  8 death yaks (Lair:4)
  Nergalle (Lair:2)
  An unseen horror (D:10)
  Pikel (D:4)
  A griffon (Lair:3)
  5 elephants
  A centaur zombie (D:10)
  A torpor snail (Lair:6)
  5 spiny frogs
  2 black mambas
  A gargoyle (D:10)
  A rime drake (Lair:5)
  4 komodo dragons
  A troll (D:9)
  A two-headed ogre (D:10)
  A queen bee (D:9)
  10 blink frogs
  Sigmund (D:2)
  A vampire (D:10)
  46 yaks
  3 wyverns
  4 basilisks
  A steam dragon (D:10)
  4 hippogriffs
  Edmund (D:4)
  5 water moccasins
  10 porcupines
  2 orc warriors
  2 ice beasts
  A sky beast (D:10)
  3 phantoms
  A black bear (D:7)
  2 wolves (Lair:6)
  6 ogres
  5 centaurs
  14 crocodiles
  Blork the orc (D:5)
  11 giant frogs
  A big kobold (D:3)
  2 scorpions
  A water moccasin zombie (D:6)
  27 killer bees
  4 wights (D:8)
  An electric eel (Lair:4)
  2 howler monkeys (D:9)
  6 crimson imps
  A giant frog zombie (D:8)
  A jelly (D:11)
  4 hounds
  A centaur skeleton (D:7)
  4 orc priests
  8 orc wizards
  Jessica (D:2)
  8 iguanas
  Natasha (thrice) (D:3)
  Ijyb (D:2)
  10 worker ants
  19 sheep
  A hound zombie (D:5)
  Robin (D:2)
  17 gnolls
  13 river rats
  11 adders
  2 shadow imps
  An ooze (D:2)
  An adder zombie (D:9)
  4 worms
  A dart slug (D:2)
  5 giant geckos
  47 orcs
  3 ball pythons
  7 bats
  4 giant cockroaches
  43 goblins
  44 hobgoblins
  8 jackals
  17 kobolds
  3 quokkas
  6 giant newts
  A jackal zombie (D:5)
  A quokka zombie (D:6)
  6 rats
524 creatures vanquished.

Vanquished Creatures (others)
  An acid blob (Slime:5)
  A great orb of eyes (Slime:5)
  8 slime creatures
  A water moccasin (Lair:5)
  17 jellies
  A worm (D:4)
  12 fungi
  3 plants
44 creatures vanquished.

Grand Total: 568 creatures vanquished

Notes
Turn   | Place    | Note
-------+----------+-------------------------------------------
     0 | D:1      | mistymad the Troll Monk began the quest for the Orb.
     0 | D:1      | Reached XP level 1. HP: 22/22 MP: 0/0
   199 | D:1      | Reached XP level 2. HP: 29/29 MP: 1/1
   571 | D:1      | Reached XP level 3. HP: 37/37 MP: 2/2
   888 | D:2      | Noticed Jessica
   893 | D:2      | Killed Jessica
   998 | D:2      | Noticed Robin
  1005 | D:2      | Reached XP level 4. HP: 37/45 MP: 3/3
  1018 | D:2      | Killed Robin
  1400 | D:2      | Noticed Sigmund
  1401 | D:2      | Noticed Ijyb
  1499 | D:3      | Noticed Natasha
  1503 | D:3      | Killed Natasha
  1506 | D:3      | Reached XP level 5. HP: 52/53 MP: 4/4
  1576 | D:3      | Noticed Natasha
  1583 | D:3      | Killed Natasha
  1788 | D:3      | Noticed Natasha
  1792 | D:3      | Killed Natasha
  2079 | D:3      | Reached XP level 6. HP: 21/62 MP: 5/5
  2787 | D:3      | Reached skill level 5 in Unarmed Combat
  3290 | D:2      | Killed Sigmund
  3290 | D:2      | Reached XP level 7. HP: 71/71 MP: 6/6
  3370 | D:2      | Killed Ijyb
  3630 | D:4      | Noticed Edmund
  3649 | D:4      | Killed Edmund
  3889 | D:4      | Noticed Pikel
  3907 | D:4      | Killed Pikel
  3907 | D:4      | Reached skill level 5 in Fighting
  3907 | D:4      | Reached skill level 5 in Dodging
  3907 | D:4      | Reached XP level 8. HP: 62/81 MP: 7/7
  3974 | D:4      | Found a burning altar of Makhleb.
  3974 | D:4      | Found a glowing silver altar of Zin.
  3975 | D:4      | Noticed an angel
  3975 | D:4      | Noticed a balrug
  4384 | D:4      | Found a basalt altar of Yredelemnul.
  4445 | D:5      | Entered Level 5 of the Dungeon
  4572 | D:5      | Noticed Blork the orc
  4581 | D:5      | Killed Blork the orc
  4725 | D:5      | Gained mutation: Your mind is acute. (Int +2) [potion of mutation]
  4725 | D:5      | Gained mutation: Your system is resistant to poisons. (rPois) [potion of mutation]
  4725 | D:5      | Lost mutation: Your mind is acute. (Int +2) [potion of mutation]
  4795 | D:5      | Reached XP level 9. HP: 89/89 MP: 8/8
  5784 | D:6      | Found an oddly glowing altar of Pakellas.
  5911 | D:6      | Found Zodghap's Magic Scroll Boutique.
  6170 | D:6      | Found a glowing golden altar of the Shining One.
  6929 | D:7      | Found a shimmering altar of Xom.
  6930 | D:7      | Found a hazy altar of Hepliaklqana.
  6931 | D:7      | Noticed a spectral ugly thing
  7005 | D:7      | Found Coraajar's Food Emporium.
  7136 | D:7      | Found a staircase to the Ecumenical Temple.
  7361 | Temple   | Entered the Ecumenical Temple
  7948 | D:8      | Identified a scroll of acquirement
  7951 | D:8      | Got an ichor-stained cloak
  7962 | D:8      | Identified the +1 cloak of Death Resistance {+Fly rF- MR- Str+8} (You acquired it on level 8 of the Dungeon)
  8062 | D:8      | Reached XP level 10. HP: 73/102 MP: 9/9
  8356 | D:9      | Reached skill level 1 in Throwing
  8912 | D:9      | Learned a level 6 spell: Statue Form
  9282 | D:10     | Entered Level 10 of the Dungeon
  9485 | D:10     | Found a staircase to the Orcish Mines.
  9498 | D:10     | Reached skill level 1 in Transmutations
  9498 | D:10     | Reached skill level 1 in Earth Magic
  9775 | D:9      | Reached XP level 11. HP: 85/113 MP: 10/10
  9781 | D:9      | Reached skill level 10 in Unarmed Combat
  9891 | D:10     | Found a staircase to the Lair.
 10019 | D:10     | Gained mutation: You evolve. [mutagenic meat]
 10022 | D:10     | Gained mutation: Scrolls take you a little longer to read. [mutagenic meat]
 10025 | D:10     | Lost mutation: Scrolls take you a little longer to read. [mutagenic meat]
 10028 | D:10     | Gained mutation: Armour fits poorly on your strangely shaped body. [mutagenic meat]
 10031 | D:10     | Gained mutation: You are robust. (+10% HP) [mutagenic meat]
 10034 | D:10     | Gained mutation: You have a pair of small antennae on your head. [mutagenic meat]
 10134 | D:10     | Gained mutation: You are partially covered in molten scales. (AC +2) [evolution]
 10169 | D:10     | Killed an unseen horror
 10203 | D:10     | Found Jisi Kugh's Antique Weapon Shop.
 10303 | D:10     | Found Cylikuorchy's Armour Shoppe.
 10528 | Lair:1   | Entered Level 1 of the Lair of Beasts
 10563 | Lair:1   | Noticed Harold
 10574 | Lair:1   | Killed Harold
 11354 | Lair:1   | Reached skill level 5 in Earth Magic
 11616 | Lair:1   | Gained mutation: You are weak. (Str -2) [evolution]
 11663 | Lair:2   | Found a staircase to the Swamp.
 11862 | Lair:2   | Reached XP level 12. HP: 106/138 MP: 11/11
 11972 | Lair:2   | Noticed a five-headed hydra
 12028 | Lair:2   | Reached skill level 5 in Transmutations
 12261 | Lair:2   | Learned a level 2 spell: Repel Missiles
 12264 | Lair:2   | Learned a level 2 spell: Swiftness
 12499 | Lair:2   | Noticed Nergalle
 12557 | Lair:2   | Killed Nergalle
 12557 | Lair:2   | Reached skill level 10 in Fighting
 12784 | Lair:3   | Got a smoking robe
 12795 | Lair:3   | Identified the cursed +1 robe of Greed {Str+3} (You found it on level 3 of the Lair of Beasts)
 13197 | Lair:3   | Reached skill level 1 in Spellcasting
 13788 | Lair:4   | Found a hole to the Spider Nest.
 13916 | Lair:4   | Noticed a death yak
 13917 | Lair:4   | Noticed a death yak
 13919 | Lair:4   | Noticed a death yak
 13936 | Lair:4   | Killed a death yak
 14054 | Lair:4   | Killed a death yak
 14059 | Lair:4   | Noticed a death yak
 14062 | Lair:4   | Killed a death yak
 14069 | Lair:4   | Killed a death yak
 14814 | Lair:4   | Noticed a death yak
 14815 | Lair:4   | Noticed a death yak
 14816 | Lair:4   | Noticed a death yak
 14816 | Lair:4   | Noticed a death yak
 14882 | Lair:4   | Killed a death yak
 14889 | Lair:4   | Killed a death yak
 14895 | Lair:4   | Killed a death yak
 14895 | Lair:4   | Reached XP level 13. HP: 23/146 MP: 16/16
 14901 | Lair:4   | HP: 3/219 [death yak (15)]
 15015 | Lair:4   | Lost mutation: Armour fits poorly on your strangely shaped body. [evolution]
 15873 | Lair:5   | Found a viscous altar of Jiyva.
 15873 | Lair:5   | Found a staircase to the Slime Pits.
 15877 | Lair:5   | Became a worshipper of Jiyva Jueryof the Shapeless
 15877 | Lair:5   | Reached * piety under Jiyva
 15877 | Lair:5   | Reached ** piety under Jiyva
 16414 | Lair:5   | Reached *** piety under Jiyva
 16517 | Lair:5   | Noticed Snorg
 16544 | Slime:1  | Entered Level 1 of the Pits of Slime
 16556 | Slime:1  | Noticed an acid blob
 16559 | Slime:1  | Noticed an acid blob
 16559 | Slime:1  | Noticed an acid blob
 16567 | Slime:2  | Noticed an acid blob
 16620 | Slime:3  | Noticed an acid blob
 16669 | Slime:3  | Noticed an acid blob
 16703 | Slime:4  | Noticed an acid blob
 16711 | Slime:5  | Entered Level 5 of the Pits of Slime
 16716 | Slime:5  | Noticed an acid blob
 16727 | Slime:5  | Found a viscous altar of Jiyva.
 16727 | Slime:5  | Noticed an azure jelly
 16728 | Slime:5  | Noticed the Royal Jelly
 16729 | Slime:5  | Noticed a death ooze
 16745 | Slime:5  | Noticed an acid blob
 16752 | Slime:5  | Noticed an acid blob
 16759 | Slime:5  | Killed an acid blob
 17016 | Lair:6   | Entered Level 6 of the Lair of Beasts
 17709 | Lair:3   | Gained mutation: You are partially covered in slimy green scales. (AC +2) [Jiyva's grace]
 17927 | Lair:6   | Reached **** piety under Jiyva
 17927 | Lair:6   | Lost mutation: You have a pair of small antennae on your head. [Jiyva's grace]
 18149 | Lair:6   | Slain by a six-headed hydra

Vault maps used:
D:1:      dpeg_arrival_erosion
D:2:      wad_river_or_something, st_stairs_14, uniq_jessica, uniq_sigmund,
          uniq_iyjb, uniq_robin
D:3:      minmay_goblin_kobold_castle, uniq_natasha
D:4:      grunt_temple_overflow_order_and_chaos_2, yredelemnul_altar_generic,
          hangedman_abyss_or_decor_slice, small_statue_intersection,
          minmay_fountain_box, minmay_divided_ellipse, uniq_edmund, uniq_pikel
D:5:      corexii_shantytown, first_bread, uniq_blork_the_orc
D:6:      grunt_pakellas_sulfur, serial_shops, nicolae_shop_waterfront,
          nicolae_tso_swordbearing_angel
D:7:      regret_index_temple_of_mockery, serial_shops, shop
D:9:      david_nohive_1
D:10:     minmay_lair_entry_grove, orc_0_dummy, serial_shops,
          nicolae_shop_competitors_out_of_business, shop_fountains
D:11:     serial_co_window_serial, co_window_cross_1, co_window_corner_a,
          co_window_paths_b, co_window_of_opportunity_a, co_window_corner_a,
          co_window_broadway_c, co_window_corner_b, co_window_of_opportunity_b,
          glass_columns_a, glass_columns_a, glass_columns_c, glass_columns_a,
          serial_shops, shop_statue
Temple:   nicolae_temple_x_marks_the_god
Lair:1:   uniq_harold
Lair:2:   swamp_mist, grunt_megastairs_2, uniq_nergalle
Lair:3:   st_stairs_13
Lair:4:   dummy_spider_entry, beast_lair_carwin_3, infiniplex_staircase_pool
Lair:5:   dpeg_slime_entry_enclosed_altar, uniq_snorg
Lair:6:   evilmike_catoblepas_cave, minmay_hedge_maze
Slime:1:  cheibrodos_slime_lost_civilization_4
Slime:2:  cheibrodos_slime_lost_civilization_6, uniq_dissolution
Slime:3:  nicolae_slime_barrier

Skill      XL: |  1  2  3  4  5  6  7  8  9 10 11 12 13 |
---------------+----------------------------------------+-----
Fighting       | 3 4 5 6 7 8 9 10 | 10.0
Dodging        | 3 4 5 6 7 8 |  8.2
Unarmed Combat | 4 5 6 7 8 9 10 | 10.0
Throwing       | 2 |  2.3
Transmutations | 1 4 6 7 |  7.5
Earth Magic    | 2 5 8 9 |  9.1
Spellcasting   | 3 4 |  4.1
Stealth        | |  1.1

Action                   |  1- 3 |  4- 6 |  7- 9 | 10-12 | 13-15 || total
-------------------------+-------+-------+-------+-------+-------++-------
Melee: Unarmed           |    69 |   278 |   377 |   786 |   213 ||  1723
       Punch             |     3 |     2 |    14 |    42 |    15 ||    76
       Giant spiked club |       |       |       |       |     7 ||     7
Throw: Throwing net      |       |       |       |     1 |       ||     1
       Javelin           |       |       |       |       |     3 ||     3
 Cast: Repel Missiles    |       |       |       |     1 |       ||     1
Invok: Request Jelly     |       |       |       |       |     2 ||     2
Evoke: Wand              |       |       |       |     2 |     5 ||     7
  Use: Scroll            |     9 |     1 |     9 |    10 |     6 ||    35
       Potion            |       |       |     1 |     5 |     4 ||    10
 Stab: Sleeping          |     2 |     1 |     5 |     3 |       ||    11
       Distracted        |     1 |       |       |       |       ||     1
  Eat: Chunk             |    15 |    21 |    43 |    70 |    20 ||   169
       Pizza             |       |       |       |       |     3 ||     3
       Fruit             |       |       |       |       |     1 ||     1
Armor: Robe              |    20 |   111 |    71 |   174 |    69 ||   445
       Skin              |       |       |       |     7 |    35 ||    42
Dodge: Dodged            |    33 |   185 |   202 |   499 |   173 ||  1092
